NYP
LOS ANGELES (NYP) DODGERS @ AUBURN DOUBLEDAYS
09/14/2044
 
TOP OF THE 1ST
Los Angeles (NYP) Dodgers batting - Pitching for Auburn Doubledays : RHP Jason Beck
Pitching: RHP Jason Beck
Batting: RHB Mario Mejia 0-0: Ball
1-0: Swinging Strike
1-1: Called Strike
1-2: Foul Ball, location: 2F
1-2: Foul Ball, location: 2F
1-2: Ball
2-2: Strikes out looking
Batting: RHB Leo Cuellar 0-0: Foul Ball, location: 2F
0-1: Fly out, F6 (Popup, 6M, EV 58.8 MPH)
Batting: SHB Chris Ackerson 0-0: Called Strike
0-1: Ball
1-1: Ground out 1-3 (Groundball, 34S, EV 76.2 MPH)
Top of the 1st over - 0 runs, 0 hits, 0 errors, 0 left on base; Los Angeles (NYP) 0 - Auburn 0
BOTTOM OF THE 1ST
Auburn Doubledays batting - Pitching for Los Angeles (NYP) Dodgers : LHP Justin Pirie
Pitching: LHP Justin Pirie
Batting: RHB Kevin Whitenack 0-0: Called Strike
0-1: Called Strike
0-2: Ball
1-2: Ball
2-2: Strikes out swinging
Batting: RHB Ryan Hiemer 0-0: Called Strike
0-1: Foul Ball, location: 2F
0-2: Ball
1-2: Ball
2-2: Foul Ball, location: 2F
2-2: Ball
3-2: Ground out 6-3 (Groundball, 56D, EV 100.6 MPH)
Batting: RHB Slavik Nebrodov 0-0: Ball
1-0: DOUBLE (Groundball, 5L, EV 101.9 MPH)
Batting: LHB Nate Melendez 0-0: Called Strike
0-1: Ball
1-1: Called Strike
1-2: Ball
2-2: Strikes out swinging
Bottom of the 1st over - 0 runs, 1 hit, 0 errors, 1 left on base; Los Angeles (NYP) 0 - Auburn 0
TOP OF THE 2ND
Los Angeles (NYP) Dodgers batting - Pitching for Auburn Doubledays : RHP Jason Beck
Batting: RHB Eddie Perry 0-0: Swinging Strike
0-1: Ball
1-1: Called Strike
1-2: Strikes out swinging
Batting: LHB Kippy McGrath 0-0: Ball
1-0: Foul Ball, location: 2F
1-1: Foul Ball, location: 2F
1-2: Fly out, F8 (Flyball, 8LXD, EV 104.4 MPH)
Batting: LHB Bobby Gambrell 0-0: Foul Ball, location: 2F
0-1: Foul Ball, location: 2F
0-2: Strikes out swinging
Top of the 2nd over - 0 runs, 0 hits, 0 errors, 0 left on base; Los Angeles (NYP) 0 - Auburn 0
BOTTOM OF THE 2ND
Auburn Doubledays batting - Pitching for Los Angeles (NYP) Dodgers : LHP Justin Pirie
Batting: RHB Joe Klein 0-0: Foul Ball, location: 2F
0-1: Called Strike
0-2: Strikes out swinging
Batting: LHB Elias Posada 0-0: Ball
1-0: Ball
2-0: Called Strike
2-1: Ground out 6-3 (Groundball, 6M, EV 102.5 MPH)
Batting: LHB Mike Condon 0-0: Ball
1-0: Ball
2-0: SINGLE (Groundball, 34D, EV 103.8 MPH)
Batting: RHB Bryan Ernst 0-0: Ball
Mike Condon steals 2nd base
1-0: SINGLE (Flyball, 6MD, EV 95.6 MPH)
Mike Condon to third
Runner from 3rd tries for Home, SAFE, throw by CF to home
Bryan Ernst to second
Batting: RHB David Rojas 0-0: Called Strike
0-1: Fly out, F9 (Flyball, 9, EV 78.8 MPH)
Bottom of the 2nd over - 1 run, 2 hits, 0 errors, 1 left on base; Los Angeles (NYP) 0 - Auburn 1
TOP OF THE 3RD
Los Angeles (NYP) Dodgers batting - Pitching for Auburn Doubledays : RHP Jason Beck
Batting: LHB Fernando Amaya 0-0: Swinging Strike
0-1: Ball
1-1: Ball
2-1: Foul Ball, location: 2F
2-2: Foul Ball, location: 2F
2-2: Ball
3-2: Strikes out looking
Batting: RHB Jonathan Quijada 0-0: Foul Ball, location: 2F
0-1: Ball
1-1: SINGLE (Groundball, 4MD, EV 105.6 MPH)
Batting: RHB Pat Mage 0-0: Called Strike
Jonathan Quijada is caught stealing 2nd base 2-4
0-1: Swinging Strike
0-2: Ground out 5-3 (Groundball, 56, EV 85.0 MPH)
Top of the 3rd over - 0 runs, 1 hit, 0 errors, 0 left on base; Los Angeles (NYP) 0 - Auburn 1
BOTTOM OF THE 3RD
Auburn Doubledays batting - Pitching for Los Angeles (NYP) Dodgers : LHP Justin Pirie
Batting: RHB Kevin Whitenack 0-0: Ball
1-0: Foul Ball, location: 2F
1-1: Ball
2-1: Foul Ball, location: 2F
2-2: Ball
3-2: Foul Ball, location: 2F
3-2: Ground out 6-3 (Groundball, 6S, EV 65.6 MPH)
Batting: RHB Ryan Hiemer 0-0: Called Strike
0-1: Ball
1-1: Ground out 5-3 (Groundball, 56, EV 108.1 MPH)
Batting: RHB Slavik Nebrodov 0-0: Ball
1-0: Called Strike
1-1: DOUBLE (Flyball, 8LXD, EV 111.9 MPH)
Batting: LHB Nate Melendez 0-0: Swinging Strike
0-1: Foul Ball, location: 2F
0-2: DOUBLE (Line Drive, 5D, EV 98.1 MPH)
Slavik Nebrodov scores
Batting: RHB Joe Klein 0-0: Fly out, F3 (Popup, 23F, EV 88.8 MPH)
Bottom of the 3rd over - 1 run, 2 hits, 0 errors, 1 left on base; Los Angeles (NYP) 0 - Auburn 2
TOP OF THE 4TH
Los Angeles (NYP) Dodgers batting - Pitching for Auburn Doubledays : RHP Jason Beck
Batting: RHB Mario Mejia 0-0: Swinging Strike
0-1: Called Strike
0-2: Strikes out looking
Batting: RHB Leo Cuellar 0-0: Ball
1-0: Ball
2-0: Ball
3-0: Base on Balls
Batting: SHB Chris Ackerson 0-0: Ball
Leo Cuellar steals 2nd base
1-0: Called Strike
1-1: Called Strike
1-2: Ball
2-2: Ball
3-2: Foul Ball, location: 2F
3-2: Ground out 5-3 (Groundball, 56, EV 85.0 MPH)
Batting: RHB Eddie Perry 0-0: Swinging Strike
0-1: Called Strike
0-2: Strikes out swinging
Top of the 4th over - 0 runs, 0 hits, 0 errors, 1 left on base; Los Angeles (NYP) 0 - Auburn 2
BOTTOM OF THE 4TH
Auburn Doubledays batting - Pitching for Los Angeles (NYP) Dodgers : LHP Justin Pirie
Batting: LHB Elias Posada 0-0: Ball
1-0: Called Strike
1-1: Foul Ball, location: 2F
1-2: Ball
2-2: Ground out 4-3 (Groundball, 4M, EV 100.0 MPH)
Batting: LHB Mike Condon 0-0: Swinging Strike
0-1: Ball
1-1: Ball
2-1: Foul Ball, location: 2F
2-2: Foul Ball, location: 2F
2-2: Ball
3-2: Strikes out looking
Batting: RHB Bryan Ernst 0-0: Called Strike
0-1: Ground out 6-3 (Groundball, 56, EV 91.9 MPH)
Bottom of the 4th over - 0 runs, 0 hits, 0 errors, 0 left on base; Los Angeles (NYP) 0 - Auburn 2
TOP OF THE 5TH
Los Angeles (NYP) Dodgers batting - Pitching for Auburn Doubledays : RHP Jason Beck
Batting: LHB Kippy McGrath 0-0: Ball
1-0: Swinging Strike
1-1: Swinging Strike
1-2: Ball
2-2: Strikes out looking
Batting: LHB Bobby Gambrell 0-0: Called Strike
0-1: Ball
1-1: Called Strike
1-2: Strikes out swinging
Batting: LHB Fernando Amaya 0-0: Swinging Strike
0-1: Ball
1-1: Called Strike
1-2: Strikes out swinging
Top of the 5th over - 0 runs, 0 hits, 0 errors, 0 left on base; Los Angeles (NYP) 0 - Auburn 2
BOTTOM OF THE 5TH
Auburn Doubledays batting - Pitching for Los Angeles (NYP) Dodgers : LHP Justin Pirie
Batting: RHB David Rojas 0-0: Ball
1-0: Ground out 6-3 (Groundball, 6, EV 85.0 MPH)
Batting: RHB Kevin Whitenack 0-0: Ball
1-0: Ball
2-0: Ball
3-0: Base on Balls
Batting: RHB Ryan Hiemer 0-0: Called Strike
0-1: Swinging Strike
0-2: Ball
1-2: Foul Ball, location: 2F
1-2: Ball
2-2: Ball
3-2: Strikes out looking
Kevin Whitenack steals 2nd base
Batter strikes out.
Batting: RHB Slavik Nebrodov 0-0: Ball
1-0: Called Strike
1-1: Swinging Strike
1-2: Strikes out swinging
Bottom of the 5th over - 0 runs, 0 hits, 0 errors, 1 left on base; Los Angeles (NYP) 0 - Auburn 2
TOP OF THE 6TH
Los Angeles (NYP) Dodgers batting - Pitching for Auburn Doubledays : RHP Jason Beck
Batting: RHB Jonathan Quijada 0-0: Ball
1-0: Swinging Strike
1-1: Ball
2-1: Fly out, F7 (Flyball, 7LM, EV 83.8 MPH)
Pitching: RHP Felipe Valencia
Batting: RHB Pat Mage 0-0: Foul Ball, location: 2F
0-1: Swinging Strike
0-2: Ball
1-2: SINGLE (Line Drive, 3D, EV 100.0 MPH)
Batting: RHB Mario Mejia 0-0: Ball
Pat Mage is caught stealing 2nd base 2-4
1-0: SINGLE (Groundball, 6MD, EV 95.0 MPH)
Batting: RHB Leo Cuellar 0-0: Ball
Mario Mejia steals 2nd base
1-0: Ball
2-0: Called Strike
2-1: Ball
3-1: Foul Ball, location: 2F
3-2: Reached on error, E5 (Groundball, 56, EV 103.8 MPH)
Mario Mejia to third
Batting: SHB Chris Ackerson 0-0: Ball
1-0: Ball
2-0: Ball
3-0: Base on Balls
Leo Cuellar to second
Batting: RHB Eddie Perry 0-0: Swinging Strike
0-1: Ball
1-1: Fly out, F7 (Line Drive, 7, EV 88.8 MPH)
Top of the 6th over - 0 runs, 2 hits, 1 error, 3 left on base; Los Angeles (NYP) 0 - Auburn 2
BOTTOM OF THE 6TH
Auburn Doubledays batting - Pitching for Los Angeles (NYP) Dodgers : LHP Justin Pirie
Pitching: LHP Jake Hall
Batting: LHB Nate Melendez 0-0: Ball
1-0: Foul Ball, location: 2F
1-1: SINGLE (Groundball, 34S, EV 66.9 MPH) (infield hit)
Batting: RHB Joe Klein 0-0: Ball
1-0: Called Strike
1-1: Ball
2-1: Called Strike
Nate Melendez steals 2nd base
2-2: Foul Ball, location: 2F
2-2: Ground out 6-3 (Groundball, 6, EV 98.1 MPH)
Batting: LHB Elias Posada 0-0: Ball
1-0: Foul Ball, location: 2F
1-1: Foul Ball, location: 2F
1-2: Strikes out swinging
Batting: LHB Mike Condon 0-0: Ball
1-0: Foul Ball, location: 2F
1-1: Foul Ball, location: 2F
1-2: Ball
2-2: Strikes out swinging
Bottom of the 6th over - 0 runs, 1 hit, 0 errors, 1 left on base; Los Angeles (NYP) 0 - Auburn 2
TOP OF THE 7TH
Los Angeles (NYP) Dodgers batting - Pitching for Auburn Doubledays : RHP Felipe Valencia
Batting: LHB Kippy McGrath 0-0: Called Strike
0-1: Ball
1-1: Ground out 4-3 (Groundball, 4M, EV 76.9 MPH)
Batting: LHB Bobby Gambrell 0-0: Called Strike
0-1: Ball
1-1: Foul Ball, location: 2F
1-2: Foul Ball, location: 2F
1-2: Ball
2-2: Ball
3-2: Foul Ball, location: 2F
3-2: Foul Ball, location: 2F
3-2: Foul Ball, location: 2F
3-2: Foul Ball, location: 2F
3-2: Foul Ball, location: 2F
3-2: Strikes out swinging, 2-3 out at first.
Batting: LHB Fernando Amaya 0-0: Ball
1-0: Ground out 1-3 (Groundball, 13S, EV 63.8 MPH)
Top of the 7th over - 0 runs, 0 hits, 0 errors, 0 left on base; Los Angeles (NYP) 0 - Auburn 2
BOTTOM OF THE 7TH
Auburn Doubledays batting - Pitching for Los Angeles (NYP) Dodgers : LHP Jake Hall
Pitching: LHP Melvin Fonseca
Batting: RHB Bryan Ernst 0-0: Ball
1-0: Ball
2-0: Swinging Strike
2-1: Ball
3-1: Ground out 6-3 (Groundball, 6, EV 98.8 MPH)
Batting: RHB David Rojas 0-0: Ball
1-0: Ball
2-0: Ball
3-0: Called Strike
3-1: Called Strike
3-2: Foul Ball, location: 2F
3-2: SINGLE (Groundball, 4MD, EV 100.0 MPH)
Batting: RHB Kevin Whitenack 0-0: Ball
1-0: Fly out, F6 (Line Drive, 6, EV 67.5 MPH)
Batting: RHB Ryan Hiemer 0-0: Ball
1-0: Called Strike
1-1: Swinging Strike
1-2: Strikes out swinging
Bottom of the 7th over - 0 runs, 1 hit, 0 errors, 1 left on base; Los Angeles (NYP) 0 - Auburn 2
TOP OF THE 8TH
Los Angeles (NYP) Dodgers batting - Pitching for Auburn Doubledays : RHP Felipe Valencia
Pitching: LHP Ruben de Leon
Batting: RHB Jonathan Quijada 0-0: Reached on error, E6 (Popup, 56, EV 68.8 MPH)
Batting: RHB Pat Mage 0-0: Foul Ball, location: 2F
0-1: Called Strike
0-2: Ball
1-2: Strikes out swinging
Batting: RHB Mario Mejia 0-0: Foul Ball, location: 2F
0-1: Swinging Strike
0-2: DOUBLE (Groundball, 5L, EV 98.8 MPH)
Jonathan Quijada to third
Pitching: RHP Brent Wainwright
Pinch Hitting: LHB Stephen Van Raalte 0-0: Ball
1-0: Foul Ball, location: 2F
1-1: Called Strike
1-2: Ball
2-2: Strikes out swinging
Batting: SHB Chris Ackerson 0-0: Called Strike
0-1: Swinging Strike
0-2: SINGLE (Groundball, 25, EV 66.2 MPH) (infield hit)
Jonathan Quijada scores
Mario Mejia to third
Batting: RHB Eddie Perry 0-0: Foul Ball, location: 2F
0-1: Ground out 5-3 (Groundball, 56S, EV 78.8 MPH)
Top of the 8th over - 1 run, 2 hits, 1 error, 2 left on base; Los Angeles (NYP) 1 - Auburn 2
BOTTOM OF THE 8TH
Auburn Doubledays batting - Pitching for Los Angeles (NYP) Dodgers : LHP Melvin Fonseca
Pitching: RHP Cody Bryant
Now at 2B: Neal Jukic
Batting: RHB Slavik Nebrodov 0-0: Ball
1-0: Ball
2-0: Called Strike
2-1: Foul Ball, location: 2F
2-2: Foul Ball, location: 2F
2-2: Ball
3-2: Strikes out swinging
Batting: LHB Nate Melendez 0-0: Fly out, F9 (Line Drive, 9S, EV 92.5 MPH)
Batting: RHB Joe Klein 0-0: Called Strike
0-1: Fly out, F7 (Flyball, 7LS, EV 71.2 MPH)
Bottom of the 8th over - 0 runs, 0 hits, 0 errors, 0 left on base; Los Angeles (NYP) 1 - Auburn 2
TOP OF THE 9TH
Los Angeles (NYP) Dodgers batting - Pitching for Auburn Doubledays : RHP Brent Wainwright
Pitching: RHP Chris Doty
Batting: LHB Kippy McGrath 0-0: Ground out U3 (Groundball, 3, EV 88.1 MPH)
Batting: LHB Bobby Gambrell 0-0: Ball
1-0: Ground out 4-3 (Groundball, 4, EV 105.6 MPH)
Batting: LHB Fernando Amaya 0-0: Called Strike
0-1: Ball
1-1: Foul Ball, location: 2F
1-2: Strikes out looking
Top of the 9th over - 0 runs, 0 hits, 0 errors, 0 left on base; Los Angeles (NYP) 1 - Auburn 2
Thursday, March 31st , 2022 - OOTP Baseball 22.12 Build 89